[Event "ICC tourney 2077 (75 10)"]
[Site "Internet Chess Club"]
[Date "2020.10.24"]
[Round "2"]
[White "esrosenberg"]
[Black "CARTERD253"]
[Result "1-0"]
[ICCResult "Black resigns"]
[WhiteElo "2128"]
[BlackElo "2147"]
[Opening "QGD Slav: Dutch variation"]
[ECO "D18"]
[NIC "SL.04"]
[Time "14:32:17"]
[PlyCount "149"]
[TimeControl "4500+10"]

1. Nf3 d5 2. c4 c6 3. d4 Nf6 4. Nc3 dxc4 5. a4 Bf5 6. e3 e6 7. a5 Nbd7 8.
Bxc4 Bd6 9. h3 O-O 10. O-O Rc8 11. Nh4 Bg6 12. Nxg6 hxg6 13. Qb3 Qe7 14.
Qxb7 Rc7 15. Qb3 Rb8 16. Qc2 Nd5 17. e4 Nb4 18. Qd1 e5 19. f4 exd4 20. e5
Bc5 21. Ne4 Nc2 22. Nxc5 Qxc5 23. Ra4 Nb4 24. b3 d3+ 25. Kh1 Qe7 26. Ba3 c5
27. e6 fxe6 28. Re1 Nf8 29. Bxb4 cxb4 30. Qxd3 Rd7 31. Qe3 Rd6 32. Ra2 Qc7
33. Qe5 Rc8 34. Rc2 Qd8 35. Rce2 Rcc6 36. Re3 Qc7 37. Qg5 Qf7 38. Re5 Rd4
39. f5 Qf6 40. Qe3 Rd7 41. fxe6 Re7 42. Rf1 Qh4 43. Qf3 Rc8 44. Re4 Qg5 45.
Rf4 Nxe6 46. Rf8+ Rxf8 47. Qxf8+ Kh7 48. Bxe6 Rxe6 49. Qxb4 Re3 50. Rf4
Re1+ 51. Kh2 Qe5 52. Qd4 Qc7 53. Qf2 Rc1 54. Qh4+ Kg8 55. Qg3 g5 56. Rg4
Qxg3+ 57. Rxg3 Rc5 58. b4 Rc4 59. Rg4 Rxg4 60. hxg4 Kf7 61. b5 Ke7 62. Kg3
Kd6 63. Kf3 Kc5 64. b6 axb6 65. axb6 Kxb6 66. Ke4 Kc6 67. Kf5 Kd6 68. Kxg5
Ke7 69. Kg6 Kf8 70. g5 Kg8 71. g3 Kf8 72. Kh7 g6 73. Kxg6 Kg8 74. g4 Kh8
75. Kf7 { Black resigns } 1-0

[Event "ICC tourney 2077 (75 10)"]
[Site "Internet Chess Club"]
[Date "2020.10.24"]
[Round "2"]
[White "hoshibosh"]
[Black "Chessulanru2020"]
[Result "0-1"]
[ICCResult "White resigns"]
[WhiteElo "2086"]
[BlackElo "2264"]
[Opening "Pirc defense"]
[ECO "B07"]
[NIC "PU.08"]
[Time "14:33:10"]
[PlyCount "124"]
[TimeControl "4500+10"]

1. e4 d6 2. d4 Nf6 3. Nc3 e5 4. dxe5 dxe5 5. Qxd8+ Kxd8 6. Bc4 Ke8 7. Nf3
Bd6 8. h3 Be6 9. Bxe6 fxe6 10. Nd2 Nc6 11. Nb5 Nb4 12. Kd1 Ke7 13. a3 Nc6
14. Nxd6 cxd6 15. Re1 b5 16. b3 Nh5 17. a4 a6 18. Nf1 Rhf8 19. f3 h6 20.
Ne3 Nf4 21. Bd2 g5 22. Rh1 Kd7 23. h4 Nd4 24. Ra3 Rh8 25. h5 Nfe2 26. c3 b4
27. cxb4 Rac8 28. Nc4 Ke7 29. b5 axb5 30. axb5 Nxb5 31. Kxe2 Rxc4 32. bxc4
Nxa3 33. Kd3 Rb8 34. Ra1 Rb3+ 35. Bc3 g4 36. fxg4 Kf6 37. Rf1+ Kg5 38. Rf7
Kxg4 39. Rf6 Kxh5 40. Rxe6 Nb1 41. Kc2 Rxc3+ 42. Kxb1 Rxc4 43. Rxd6 Rxe4
44. Kc1 Rg4 45. Rd2 Kh4 46. Re2 e4 47. Kd2 Kg3 48. Ke1 Rf4 49. Ra2 h5 50.
Re2 h4 51. Ra2 Rf5 52. Re2 Rf4 53. Ra2 e3 54. Re2 Re4 55. Kf1 Kf4 56. Kg1
Rd4 57. Kh2 Rd2 58. Re1 e2 59. Kh3 Ke3 60. Kxh4 Kf2 61. Rxe2+ Rxe2 62. g4
Kf3 { White resigns } 0-1

[Event "ICC tourney 2077 (75 10)"]
[Site "Internet Chess Club"]
[Date "2020.10.24"]
[Round "3"]
[White "GGuseinov"]
[Black "TjkTiger"]
[Result "1/2-1/2"]
[ICCResult "Game drawn by mutual agreement"]
[WhiteElo "2710"]
[BlackElo "2605"]
[Opening "Sicilian: Hungarian variation"]
[ECO "B27"]
[NIC "SI.43"]
[Time "18:02:39"]
[PlyCount "28"]
[TimeControl "4500+10"]

1. e4 c5 2. Nf3 g6 3. d4 cxd4 4. Qxd4 Nf6 5. Nc3 Nc6 6. Qa4 d6 7. e5 dxe5
8. Nxe5 Bd7 9. Nxd7 Nxd7 10. Bb5 Bg7 11. O-O O-O 12. Rd1 Qc8 13. Nd5 Nb6
14. Nxb6 axb6 { Game drawn by mutual agreement } 1/2-1/2

[Event "ICC tourney 2077 (75 10)"]
[Site "Internet Chess Club"]
[Date "2020.10.24"]
[Round "3"]
[White "CARTERD253"]
[Black "hollyelf"]
[Result "1-0"]
[ICCResult "Black resigns"]
[WhiteElo "2180"]
[BlackElo "2056"]
[Opening "QGD semi-Slav: accelerated Meran (Alekhine variation)"]
[ECO "D45"]
[NIC "SL.08"]
[Time "18:01:48"]
[PlyCount "61"]
[TimeControl "4500+10"]

1. d4 d5 2. c4 c6 3. Nc3 Nf6 4. e3 e6 5. Nf3 a6 6. Qc2 c5 7. cxd5 exd5 8.
Be2 Nc6 9. O-O cxd4 10. exd4 Be7 11. Bf4 O-O 12. Rad1 Bg4 13. h3 Bh5 14.
Ne5 Bxe2 15. Qxe2 Rc8 16. Rfe1 Re8 17. Qf3 h6 18. Bg3 Bb4 19. Bh4 g5 20.
Bg3 Bf8 21. h4 Bg7 22. hxg5 hxg5 23. Qf5 g4 24. Bh4 Qd6 25. Nxg4 Rxe1+ 26.
Rxe1 Nxg4 27. Qxc8+ Kh7 28. Qxg4 Nxd4 29. Qh5+ Qh6 30. Qxh6+ Kxh6 31. Nxd5
{ Black resigns } 1-0

[Event "ICC tourney 2077 (75 10)"]
[Site "Internet Chess Club"]
[Date "2020.10.24"]
[Round "3"]
[White "aplusk"]
[Black "arsenicblast"]
[Result "1-0"]
[ICCResult "Black checkmated"]
[WhiteElo "2585"]
[BlackElo "2014"]
[Opening "Queen's pawn game, Darooha variation "]
[ECO "D11"]
[NIC "QP.08"]
[Time "18:01:42"]
[PlyCount "75"]
[TimeControl "4500+10"]

1. d4 d5 2. Nf3 Nf6 3. c4 c6 4. Qc2 g6 5. Bf4 Bg7 6. e3 O-O 7. Nc3 dxc4 8.
Bxc4 b5 9. Bd3 Bb7 10. O-O Nbd7 11. b4 a5 12. a3 a4 13. Rac1 Rc8 14. e4 Nb6
15. Rfd1 Nh5 16. Be3 e6 17. e5 f5 18. exf6 Nxf6 19. Re1 Re8 20. Bg5 Nbd5
21. Ne4 Qc7 22. Nc5 Nd7 23. Nxe6 Qd6 24. Nxg7 Kxg7 25. Qd2 Re6 26. Rxe6
Qxe6 27. Re1 Qd6 28. Bh6+ Kg8 29. Ng5 Qf4 30. Qxf4 Nxf4 31. Re7 Nxd3 32.
Rg7+ Kf8 33. Rxd7+ Ke8 34. Rxb7 Nb2 35. Ne6 Nc4 36. Bg5 Rc7 37. Rxc7 Nxa3
38. Re7# { Black checkmated } 1-0

[Event "ICC tourney 2077 (75 10)"]
[Site "Internet Chess Club"]
[Date "2020.10.24"]
[Round "3"]
[White "BranKing"]
[Black "dopolian"]
[Result "0-1"]
[ICCResult "White resigns"]
[WhiteElo "2101"]
[BlackElo "2273"]
[Opening "Giuoco Piano"]
[ECO "C54"]
[NIC "IG.02"]
[Time "18:01:43"]
[PlyCount "74"]
[TimeControl "4500+10"]

1. e4 e5 2. Nf3 Nc6 3. Bc4 Bc5 4. c3 Nf6 5. d3 O-O 6. Bb3 d5 7. Qe2 a5 8.
Bg5 d4 9. a4 h6 10. Bh4 g5 11. Nxg5 hxg5 12. Bxg5 Be6 13. Bc2 Be7 14. h3
Nh7 15. Bh6 Re8 16. h4 Bf8 17. Bxf8 Kxf8 18. Nd2 Nf6 19. Nf3 Bg4 20. Qd2
Bxf3 21. gxf3 Qd6 22. h5 Ke7 23. O-O-O Rh8 24. h6 Rag8 25. f4 exf4 26. e5
Nxe5 27. cxd4 Nc6 28. Rde1+ Kd8 29. Bb3 Nxd4 30. Bxf7 Nf3 31. Qxa5 Nxe1 32.
Rxe1 Rf8 33. Re6 Qd4 34. Qa8+ Kd7 35. Qxb7 Qc5+ 36. Kb1 Rxf7 37. b4 Qd5 {
White resigns } 0-1

[Event "ICC tourney 2077 (75 10)"]
[Site "Internet Chess Club"]
[Date "2020.10.24"]
[Round "3"]
[White "Openyagami"]
[Black "JosephLevine"]
[Result "1-0"]
[ICCResult "Black checkmated"]
[WhiteElo "2576"]
[BlackElo "2131"]
[Opening "English: Neo-Catalan declined"]
[ECO "A14"]
[NIC "RE.09"]
[Time "18:01:51"]
[PlyCount "125"]
[TimeControl "4500+10"]

1. c4 e6 2. Nf3 d5 3. g3 Nf6 4. Bg2 Be7 5. O-O O-O 6. b3 c5 7. Bb2 d4 8. e3
Nc6 9. exd4 cxd4 10. Re1 Re8 11. d3 Bb4 12. Nbd2 e5 13. a3 Bc3 14. Qc1 Bf5
15. b4 Bxd3 16. b5 e4 17. bxc6 bxc6 18. Bxc3 dxc3 19. Qxc3 exf3 20. Rxe8+
Qxe8 21. Nxf3 Bg6 22. Re1 Ne4 23. Qe3 f5 24. Nh4 Qf7 25. Nxg6 Qxg6 26. Bxe4
fxe4 27. Qxe4 Qxe4 28. Rxe4 Kf7 29. Re5 Kf6 30. Rc5 Rc8 31. Ra5 Rc7 32. Kg2
Ke6 33. f4 Rb7 34. Kf3 h5 35. Rxh5 Rb3+ 36. Ke4 Rxa3 37. Rg5 Kf6 38. Rc5
Ra6 39. h4 Rb6 40. h5 Ke6 41. g4 Kd6 42. Rg5 Rb7 43. c5+ Ke6 44. Rg6+ Kf7
45. Rxc6 a5 46. Ra6 Rb4+ 47. Kf5 Rb5 48. Ra7+ Kf8 49. Kg6 Rxc5 50. Ra8+ Ke7
51. Kxg7 Rc4 52. g5 Rxf4 53. g6 Ke6 54. h6 Rb4 55. h7 Rb7+ 56. Kh6 Rb1 57.
h8=Q Rh1+ 58. Kg7 Rxh8 59. Kxh8 Kf6 60. g7 Kg6 61. g8=Q+ Kh6 62. Ra7 Kh5
63. Rh7# { Black checkmated } 1-0

[Event "ICC tourney 2077 (75 10)"]
[Site "Internet Chess Club"]
[Date "2020.10.24"]
[Round "3"]
[White "mrlammy"]
[Black "Chessulanru2020"]
[Result "0-1"]
[ICCResult "White resigns"]
[WhiteElo "2120"]
[BlackElo "2264"]
[Opening "Queen's pawn, Mason variation"]
[ECO "D00"]
[NIC "QP.08"]
[Time "18:02:04"]
[PlyCount "108"]
[TimeControl "4500+10"]

1. d4 d5 2. Bf4 Nf6 3. e3 c5 4. c3 Nc6 5. Nf3 Qb6 6. Qb3 c4 7. Qxb6 axb6 8.
Nbd2 b5 9. Ne5 Bf5 10. Nxc6 bxc6 11. a3 e6 12. Be2 b4 13. a4 Be7 14. O-O
O-O 15. a5 Ra7 16. Ra2 Rfa8 17. Rfa1 Bc2 18. a6 Nd7 19. f3 f6 20. e4 Kf7
21. Kf2 Ke8 22. Ke1 Kd8 23. Bd1 Bxd1 24. Kxd1 Kc8 25. cxb4 Bxb4 26. Kc2 Nb8
27. Bxb8 Rxb8 28. Nf1 Bd6 29. g3 Rb3 30. Nd2 Rd3 31. b3 Bb4 32. Rd1 Rxd2+
33. Rxd2 cxb3+ 34. Kxb3 Bxd2 35. Rxd2 Rxa6 36. exd5 cxd5 37. f4 Kd7 38. Rc2
Rb6+ 39. Ka3 Rb8 40. Rd2 Kd6 41. Re2 g6 42. Ka4 h6 43. Ka3 g5 44. fxg5 hxg5
45. Rf2 Ke7 46. Re2 f5 47. Rf2 Kf6 48. Ka4 Rb1 49. h4 Rd1 50. h5 Rxd4+ 51.
Kb5 Kg7 52. Kc5 Re4 53. Kd6 Kh6 54. Rh2 d4 { White resigns } 0-1

[Event "ICC tourney 2077 (75 10)"]
[Site "Internet Chess Club"]
[Date "2020.10.24"]
[Round "3"]
[White "SkyAngel"]
[Black "TanitoluwaA"]
[Result "1-0"]
[ICCResult "Black checkmated"]
[WhiteElo "2177"]
[BlackElo "1984"]
[Opening "Sicilian: Nimzovich-Rossolimo attack (with ...g6, without ...d6)"]
[ECO "B31"]
[NIC "SI.31"]
[Time "18:02:39"]
[PlyCount "143"]
[TimeControl "4500+10"]

1. e4 c5 2. Nf3 Nc6 3. Bb5 g6 4. Bxc6 bxc6 5. O-O Bg7 6. c3 Nf6 7. Re1 O-O
8. d4 d5 9. exd5 cxd4 10. dxc6 Qc7 11. Qxd4 Qxc6 12. Bg5 Bb7 13. Nbd2 Rac8
14. Qh4 Rfe8 15. Bxf6 Bxf6 16. Qg3 Rcd8 17. Rad1 Bg7 18. Nb3 e5 19. Na5 Qb5
20. Nxb7 Qxb7 21. b3 Qc7 22. c4 Qa5 23. Rxd8 Qxd8 24. Qg5 Qb6 25. Qe3 Qa5
26. Qd2 Qb6 27. g3 Qc6 28. Qe3 Re6 29. Rd1 Bf6 30. Rd5 Rd6 31. Nxe5 Qc7 32.
Rxd6 Qxd6 33. Nf3 h5 34. h4 Bd8 35. Qe8+ Kg7 36. Qe5+ Qxe5 37. Nxe5 Kf6 38.
Nc6 Bb6 39. b4 Ke6 40. c5 Bc7 41. Nxa7 Kd5 42. Nb5 Bb8 43. a4 Kc4 44. c6
Kxb4 45. c7 Bxc7 46. Nxc7 Kxa4 47. Kg2 Kb4 48. Kf3 Kc5 49. Kf4 Kd6 50. Nb5+
Kc5 51. Nc3 Kd4 52. Ne4 f5 53. Ng5 Kd5 54. Nf3 Ke6 55. Ne5 Kf6 56. f3 Ke6
57. Nxg6 Kf6 58. Ne5 Ke6 59. Nc6 Kf6 60. Nd4 Kg6 61. Nxf5 Kh7 62. Kg5 Kg8
63. Kxh5 Kh8 64. Kg6 Kg8 65. h5 Kh8 66. h6 Kg8 67. Nd6 Kh8 68. Nf7+ Kg8 69.
h7+ Kf8 70. h8=Q+ Ke7 71. Qd8+ Ke6 72. Qd6# { Black checkmated } 1-0

[Event "ICC tourney 2077 (75 10)"]
[Site "Internet Chess Club"]
[Date "2020.10.24"]
[Round "3"]
[White "helavir"]
[Black "Aleksandrov73"]
[Result "0-1"]
[ICCResult "White resigns"]
[WhiteElo "2609"]
[BlackElo "2651"]
[Opening "Ruy Lopez: Berlin defense"]
[ECO "C65"]
[NIC "RL.07"]
[Time "18:02:06"]
[PlyCount "98"]
[TimeControl "4500+10"]

1. e4 e5 2. Nf3 Nc6 3. Bb5 Nf6 4. d3 d6 5. O-O Bd7 6. c3 g6 7. Re1 Bg7 8.
Nbd2 O-O 9. Nf1 Na5 10. Bxd7 Qxd7 11. d4 exd4 12. cxd4 Rfe8 13. Ng3 c5 14.
Bd2 Nc4 15. Bc3 cxd4 16. Qxd4 Ne5 17. Qd1 Rad8 18. Rc1 h5 19. Rc2 Nxf3+ 20.
Qxf3 Re6 21. Rce2 Qb5 22. h4 Rde8 23. b3 d5 24. exd5 Rxe2 25. Rxe2 Rxe2 26.
Nxe2 Qxd5 27. Qxd5 Nxd5 28. Bd2 Kf8 29. Nf4 Nxf4 30. Bxf4 Ke7 31. Kf1 Ke6
32. Ke2 Kd5 33. Kd3 Bf6 34. Be3 Bxh4 35. Bxa7 Be7 36. f3 g5 37. Be3 h4 38.
a4 f5 39. Ke2 g4 40. fxg4 fxg4 41. Bf2 Ke4 42. b4 h3 43. gxh3 gxh3 44. Kf1
Kf3 45. Bg1 Bxb4 46. Bh2 Bc5 47. Bc7 b6 48. Bh2 Be3 49. Bc7 Bf4 { White
resigns } 0-1

[Event "ICC tourney 2077 (75 10)"]
[Site "Internet Chess Club"]
[Date "2020.10.24"]
[Round "3"]
[White "savchess06"]
[Black "PawnEatingZombi"]
[Result "1-0"]
[ICCResult "Black resigns"]
[WhiteElo "2100"]
[BlackElo "2204"]
[Opening "Caro-Kann: advance variation"]
[ECO "B12"]
[NIC "CK.04"]
[Time "18:01:47"]
[PlyCount "103"]
[TimeControl "4500+10"]

1. e4 c6 2. d4 d5 3. e5 Bf5 4. h4 h5 5. Bd3 Bxd3 6. Qxd3 Qa5+ 7. Nd2 e6 8.
Nf3 Nh6 9. O-O Nf5 10. c4 Be7 11. g3 Nd7 12. b3 dxc4 13. bxc4 Rd8 14. Qc2
f6 15. Nb3 Qa4 16. exf6 gxf6 17. Re1 Nf8 18. Bb2 Nd6 19. Rac1 Nc8 20. d5 e5
21. Rcd1 cxd5 22. cxd5 Nd6 23. Nfd2 Rc8 24. Qb1 Qg4 25. Ne4 Qg6 26. Nxd6+
Bxd6 27. Nd4 Bc5 28. Qxg6+ Nxg6 29. Nf5 Kf7 30. Kf1 Rhd8 31. Re2 Bf8 32.
Red2 Ne7 33. Nxe7 Bxe7 34. Ke2 Bb4 35. Ke3 Bxd2+ 36. Rxd2 Rd7 37. Ke4 Kg6
38. d6 Rc6 39. Ba3 a5 40. f4 exf4 41. gxf4 Kf7 42. Kd5 Rc3 43. Bc5 Rf3 44.
Rd4 Rh3 45. f5 Rf3 46. Ke4 Rg3 47. Kd5 Rg4 48. a4 Rxd4+ 49. Bxd4 Rd8 50.
Bb6 Rg8 51. Bxa5 Rg4 52. d7 { Black resigns } 1-0

[Event "ICC tourney 2077 (75 10)"]
[Site "Internet Chess Club"]
[Date "2020.10.24"]
[Round "3"]
[White "jy2020"]
[Black "esrosenberg"]
[Result "1/2-1/2"]
[ICCResult "Game drawn by mutual agreement"]
[WhiteElo "2218"]
[BlackElo "2126"]
[Opening "Ruy Lopez: Anderssen variation"]
[ECO "C77"]
[NIC "RL.12"]
[Time "18:01:59"]
[PlyCount "118"]
[TimeControl "4500+10"]

1. e4 e5 2. Nf3 Nc6 3. Bb5 a6 4. Ba4 Nf6 5. d3 b5 6. Bb3 Bc5 7. Nc3 h6 8.
Nd5 d6 9. c3 Rb8 10. O-O O-O 11. Be3 Bg4 12. h3 Bh5 13. g4 Bg6 14. Kh2 Nxd5
15. Bxd5 Bxe3 16. fxe3 Ne7 17. Bb3 c5 18. Nh4 c4 19. Nxg6 Nxg6 20. Bc2 cxd3
21. Qxd3 b4 22. Bb3 bxc3 23. Qxc3 a5 24. Rf2 a4 25. Bc4 Rc8 26. b3 d5 27.
exd5 e4 28. Qd4 Qd6+ 29. Kg2 Nh4+ 30. Kf1 Rfe8 31. Rf4 Ng6 32. Rf2 Rcd8 33.
Rd1 Qg3 34. d6 Qxh3+ 35. Ke2 Qxg4+ 36. Kd2 Ne5 37. Kc2 axb3+ 38. axb3 Rd7
39. Bb5 Rc8+ 40. Kb2 Nc6 41. Qd5 Qg3 42. Rc2 Rcd8 43. Rxc6 Qxe3 44. Rc7
Qf2+ 45. Kb1 Rxd6 46. Qxd6 Rxd6 47. Rxd6 Qg3 48. Rd8+ Kh7 49. Rb7 Qxb3+ 50.
Kc1 Qc3+ 51. Kd1 Qb3+ 52. Kc1 Qa3+ 53. Kd1 Qa1+ 54. Ke2 Qf6 55. Rdd7 Qf3+
56. Ke1 Qc3+ 57. Ke2 Qf3+ 58. Ke1 Qe3+ 59. Kf1 Qf3+ { Game drawn by mutual
agreement } 1/2-1/2

[Event "ICC tourney 2077 (75 10)"]
[Site "Internet Chess Club"]
[Date "2020.10.24"]
[Round "3"]
[White "Gfprasanna"]
[Black "WonderZ"]
[Result "0-1"]
[ICCResult "White checkmated"]
[WhiteElo "2117"]
[BlackElo "2122"]
[Opening "Sicilian: Alapin's variation (2.c3)"]
[ECO "B22"]
[NIC "SI.46"]
[Time "18:01:47"]
[PlyCount "130"]
[TimeControl "4500+10"]

1. e4 c5 2. c3 e6 3. d4 d5 4. exd5 exd5 5. Nf3 a6 6. Be2 Nc6 7. O-O Bd6 8.
Re1 Nge7 9. Be3 c4 10. Nbd2 O-O 11. Nf1 Qc7 12. b3 b5 13. a4 Bf5 14. b4 Bg6
15. Nh4 f5 16. Nxg6 Nxg6 17. Bf3 Qf7 18. Bd2 Nce7 19. Bg5 h6 20. Bxe7 Nxe7
21. axb5 axb5 22. Qe2 Rxa1 23. Rxa1 Ng6 24. Ra6 Nf4 25. Qd2 Bc7 26. Ne3 Rd8
27. Qc2 Nd3 28. Be2 f4 29. Nf1 Qf5 30. Bf3 Re8 31. Ra1 Qg5 32. h3 Kh8 33.
Nh2 h5 34. Be2 Nxf2 35. Kxf2 Qg3+ 36. Kg1 Qe3+ 37. Kf1 f3 38. Nxf3 Bg3 39.
Bxc4 dxc4 40. Qd2 Qxd2 41. Nxd2 Re3 42. Rc1 g5 43. Nf3 Bf4 44. Rc2 Bg3 45.
Rc1 g4 46. hxg4 hxg4 47. Ng1 Re8 48. Ne2 Rf8+ 49. Kg1 Bf2+ 50. Kh1 Re8 51.
Nf4 Re4 52. Ng6+ Kg7 53. Ne5 g3 54. Nf3 Re8 55. Ng1 Rh8+ 56. Nh3 Kf6 57.
Rd1 Ke6 58. Ra1 Kd5 59. Ra5 Ke4 60. Rxb5 Kd3 61. Rf5 Ke2 62. b5 Ra8 63.
Nxf2 gxf2 64. b6 Rh8+ 65. Rh5 Rxh5# { White checkmated } 0-1

[Event "ICC tourney 2077 (75 10)"]
[Site "Internet Chess Club"]
[Date "2020.10.24"]
[Round "3"]
[White "DonaldJ"]
[Black "hoshibosh"]
[Result "1/2-1/2"]
[ICCResult "Game drawn by repetition"]
[WhiteElo "2055"]
[BlackElo "2109"]
[Opening "Sicilian: Najdorf, Adams attack"]
[ECO "B90"]
[NIC "SI.14"]
[Time "18:01:52"]
[PlyCount "147"]
[TimeControl "4500+10"]

1. e4 c5 2. Nf3 d6 3. d4 cxd4 4. Nxd4 Nf6 5. Nc3 a6 6. h3 e5 7. Nde2 Be6 8.
g4 h6 9. Bg2 Nbd7 10. Be3 Be7 11. Ng3 Nb6 12. Nf5 Bf8 13. O-O g6 14. Ng3
Nc4 15. Bc1 h5 16. g5 h4 17. Nge2 Nh7 18. b3 Nb6 19. f4 exf4 20. Nxf4 Bg7
21. Nxe6 fxe6 22. Qg4 Qe7 23. Bb2 Nd7 24. Nd5 exd5 25. Bxg7 Qxg7 26. Qe6+
Kd8 27. Rad1 Qe5 28. exd5 Nxg5 29. Qxg6 Qe7 30. Rf5 Nxh3+ 31. Kh1 Ne5 32.
Qe6 Qxe6 33. dxe6 Ke7 34. Bxh3 Kxe6 35. Rf4+ Ke7 36. Rdd4 Rag8 37. Rxh4 Nf3
38. Rde4+ Kd8 39. Rxh8 Rxh8 40. Re3 Rxh3+ 41. Kg2 Rh2+ 42. Kxf3 Rxc2 43. a4
Kc7 44. Ke4 Rd2 45. Rc3+ Kb6 46. b4 Ra2 47. a5+ Kb5 48. Rc7 Kxb4 49. Rxb7+
Kxa5 50. Kd5 Ka4 51. Kxd6 Rc2 52. Rb1 a5 53. Ra1+ Kb4 54. Rb1+ Ka3 55. Kd5
a4 56. Kd4 Ka2 57. Rb8 a3 58. Kd3 Rb2 59. Ra8 Rb6 60. Kc2 Rc6+ 61. Kd2 Kb2
62. Rb8+ Ka1 63. Ra8 a2 64. Rb8 Rh6 65. Kc2 Rh2+ 66. Kc1 Rh1+ 67. Kc2 Rb1
68. Rh8 Rb7 69. Rh1+ Rb1 70. Rh8 Rg1 71. Rh7 Rg2+ 72. Kc3 Rb2 73. Rh8 Rb1
74. Kc2 { Game drawn by repetition } 1/2-1/2

[Event "ICC tourney 2077 (75 10)"]
[Site "Internet Chess Club"]
[Date "2020.10.24"]
[Round "3"]
[White "CoolBoy2020"]
[Black "investigator"]
[Result "0-1"]
[ICCResult "White checkmated"]
[WhiteElo "2141"]
[BlackElo "2109"]
[Opening "Pirc: classical, h3 system"]
[ECO "B08"]
[NIC "PU.10"]
[Time "18:02:21"]
[PlyCount "124"]
[TimeControl "4500+10"]

1. e4 d6 2. d4 Nf6 3. Nc3 g6 4. Nf3 Bg7 5. h3 O-O 6. Be2 Nc6 7. O-O e5 8.
Be3 Re8 9. d5 Nd4 10. Bd3 Nd7 11. Ne2 Nxf3+ 12. gxf3 Qh4 13. Kg2 Nf6 14.
Rh1 Nh5 15. Qd2 h6 16. Rag1 f5 17. Qc1 f4 18. Bd2 Kf7 19. Kf1 Nf6 20. Ke1
Nh7 21. Rg2 Ng5 22. Ng1 Nh7 23. c4 Bf8 24. b4 b6 25. Qa3 Bd7 26. Bc2 a5 27.
bxa5 bxa5 28. Kd1 Reb8 29. Be1 Ra7 30. Bc3 a4 31. Bd2 Rab7 32. Kc1 c6 33.
Ne2 cxd5 34. cxd5 Qd8 35. h4 Qc8 36. Nc3 Qc4 37. Rhg1 g5 38. Rh2 Rb4 39.
Kd1 Rc8 40. Qc1 g4 41. a3 Rb7 42. fxg4 Bxg4+ 43. Ke1 Nf6 44. Rxg4 Nxg4 45.
Rh3 Qd4 46. Rf3 Be7 47. Ke2 Bxh4 48. Qh1 Rb2 49. Qxh4 Rxc2 50. Qh5+ Ke7 51.
Qxg4 Qxd2+ 52. Kf1 Kd8 53. Qg8+ Kc7 54. Qf7+ Kb8 55. Nxa4 Rc1+ 56. Kg2 Qd1
57. Rh3 Qg4+ 58. Rg3 fxg3 59. Qf3 Rg1+ 60. Kxg1 Qxf3 61. fxg3 Rc1+ 62. Kh2
Qh1# { White checkmated } 0-1

[Event "ICC tourney 2077 (75 10)"]
[Site "Internet Chess Club"]
[Date "2020.10.25"]
[Round "4"]
[White "TjkTiger"]
[Black "aplusk"]
[Result "1/2-1/2"]
[ICCResult "Game drawn by mutual agreement"]
[WhiteElo "2600"]
[BlackElo "2595"]
[Opening "English: Caro-Kann defensive system"]
[ECO "A11"]
[NIC "EO.64"]
[Time "11:03:23"]
[PlyCount "23"]
[TimeControl "4500+10"]

1. c4 c6 2. Nc3 d5 3. d4 Nf6 4. cxd5 cxd5 5. Bf4 Nc6 6. e3 a6 7. Be2 g6 8.
h3 Bg7 9. Nf3 O-O 10. Ne5 Nxe5 11. dxe5 Ne4 12. Qxd5 { Game drawn by mutual
agreement } 1/2-1/2

[Event "ICC tourney 2077 (75 10)"]
[Site "Internet Chess Club"]
[Date "2020.10.25"]
[Round "4"]
[White "tcao"]
[Black "TanitoluwaA"]
[Result "1-0"]
[ICCResult "Black checkmated"]
[WhiteElo "2072"]
[BlackElo "1979"]
[Opening "Sicilian: Taimanov (Bastrikov) variation"]
[ECO "B47"]
[NIC "SI.40"]
[Time "11:02:27"]
[PlyCount "123"]
[TimeControl "4500+10"]

1. e4 c5 2. Nf3 Nc6 3. d4 cxd4 4. Nxd4 e6 5. Nc3 Qc7 6. Be2 a6 7. O-O b5 8.
a3 Bb7 9. Be3 Nf6 10. Nb3 Be7 11. f4 d6 12. g4 h6 13. Bf3 Nh7 14. Qe2 Bh4
15. Rad1 O-O 16. Bf2 Bxf2+ 17. Rxf2 Qe7 18. Bg2 Rad8 19. f5 Ne5 20. Nd4 Qh4
21. fxe6 Nxg4 22. e7 Qxe7 23. Qxg4 Kh8 24. Nf5 Qe5 25. Qf4 Ng5 26. Nxd6
Qxf4 27. Rxf4 Bc6 28. h4 Ne6 29. Nxf7+ Kh7 30. Nxd8 Nxf4 31. Nxc6 Rf6 32.
Ne5 Re6 33. Nd5 Nxg2 34. Kxg2 Rxe5 35. Kf3 Kg6 36. Kf4 Re8 37. e5 Kf7 38.
Re1 Rc8 39. e6+ Ke8 40. e7 Rxc2 41. Ke5 Rc6 42. Rf1 Kd7 43. Rf8 Re6+ 44.
Kd4 Re1 45. Rd8+ Kc6 46. e8=Q+ Rxe8 47. Rxe8 g5 48. Re6+ Kd7 49. Rxh6 g4
50. Rf6 g3 51. Rg6 a5 52. h5 a4 53. h6 b4 54. axb4 a3 55. bxa3 Ke8 56. Rxg3
Kf7 57. Rg7+ Kf8 58. a4 Ke8 59. a5 Kf8 60. a6 Ke8 61. a7 Kd8 62. a8=Q# {
Black checkmated } 1-0

[Event "ICC tourney 2077 (75 10)"]
[Site "Internet Chess Club"]
[Date "2020.10.25"]
[Round "4"]
[White "Chessking2008"]
[Black "savchess06"]
[Result "1-0"]
[ICCResult "Black checkmated"]
[WhiteElo "2189"]
[BlackElo "2065"]
[Opening "English: Mikenas-Carls variation"]
[ECO "A18"]
[NIC "EO.57"]
[Time "11:02:32"]
[PlyCount "91"]
[TimeControl "4500+10"]

1. c4 Nf6 2. Nc3 e6 3. e4 d5 4. cxd5 exd5 5. e5 Ne4 6. d4 Nc6 7. Be3 Bb4 8.
Qc2 O-O 9. Bd3 f5 10. f4 Be6 11. Nf3 h6 12. O-O Bxc3 13. bxc3 Na5 14. Nd2
b6 15. Rfd1 Qd7 16. h3 Rad8 17. Kh2 Nxd2 18. Qxd2 Nc4 19. Qe2 c6 20. Rg1
Kh8 21. Raf1 g6 22. Bf2 Rg8 23. g4 Rdf8 24. Bh4 b5 25. Bf6+ Kh7 26. Rg2 Qf7
27. Rfg1 a6 28. gxf5 gxf5 29. Rg7+ Rxg7 30. Rxg7+ Qxg7 31. Bxg7 Kxg7 32.
Qh5 Nd2 33. Be2 Ne4 34. Qh4 Rf7 35. Bh5 Rd7 36. Be8 Ra7 37. Qd8 Nxc3 38.
Qf6+ Kg8 39. Qxe6+ Kf8 40. Bg6 Nxa2 41. Qf6+ Kg8 42. e6 b4 43. e7 Rxe7 44.
Qxe7 b3 45. Qf7+ Kh8 46. Qh7# { Black checkmated } 1-0

[Event "ICC tourney 2077 (75 10)"]
[Site "Internet Chess Club"]
[Date "2020.10.25"]
[Round "4"]
[White "hollyelf"]
[Black "Gfprasanna"]
[Result "0-1"]
[ICCResult "White resigns"]
[WhiteElo "2053"]
[BlackElo "2147"]
[Opening "Giuoco Piano"]
[ECO "C50"]
[NIC "IG.02"]
[Time "11:02:31"]
[PlyCount "58"]
[TimeControl "4500+10"]

1. e4 e5 2. Nf3 Nc6 3. Bc4 Bc5 4. O-O Nf6 5. d3 d6 6. c3 h6 7. Re1 O-O 8.
h3 Bb6 9. Nbd2 Ne7 10. Nf1 Ng6 11. Ng3 c6 12. d4 Qc7 13. Bd3 Be6 14. h4 Bg4
15. Nf5 Rfe8 16. Bxh6 gxh6 17. Nxh6+ Kg7 18. Nxg4 Nxg4 19. Ng5 Nh6 20. Bc4
Qd7 21. g3 d5 22. Bb3 exd4 23. exd5 Rxe1+ 24. Qxe1 Re8 25. Qd2 Qg4 26. Kg2
dxc3 27. Qxc3+ Bd4 28. Qf3 Nxh4+ 29. Kh1 Nxf3 { White resigns } 0-1

[Event "ICC tourney 2077 (75 10)"]
[Site "Internet Chess Club"]
[Date "2020.10.25"]
[Round "4"]
[White "Chessulanru2020"]
[Black "GGuseinov"]
[Result "0-1"]
[ICCResult "White resigns"]
[WhiteElo "2258"]
[BlackElo "2717"]
[Opening "Modern defense"]
[ECO "A40"]
[NIC "QO.17"]
[Time "11:02:38"]
[PlyCount "98"]
[TimeControl "4500+10"]

1. d4 g6 2. Nf3 Bg7 3. g3 d6 4. Bg2 Nd7 5. O-O e5 6. e4 Ne7 7. Be3 O-O 8.
dxe5 dxe5 9. Nc3 b6 10. Qe2 c5 11. Nb5 Nc6 12. c3 Ba6 13. a4 Qe7 14. Rfd1
Rfd8 15. Bg5 Bf6 16. Qe3 Bxg5 17. Nxg5 Nf6 18. f3 Na5 19. Bf1 c4 20. Nh3
Bxb5 21. axb5 Kg7 22. Nf2 Qe8 23. Qe2 Rxd1 24. Rxd1 Rc8 25. Bh3 Rc7 26. Qd2
Qxb5 27. Qd8 Qc5 28. Rd6 Ne8 29. Rd5 Qe7 30. Qa8 Nf6 31. Rd8 Nb7 32. Rb8
Nc5 33. Rh8 h5 34. g4 Ne6 35. gxh5 Nf8 36. Rxf8 Qxf8 37. h6+ Kg8 38. h7+
Nxh7 39. Qd5 Qe7 40. Ng4 Nf6 41. Nh6+ Kg7 42. Qd2 Nh5 43. Ng4 Nf4 44. Bf1
b5 45. Qe1 a5 46. h4 b4 47. h5 Nxh5 48. Qd2 Nf4 49. Qh2 Qg5 { White resigns
} 0-1